 Dungeon Crawl Stone Soup version 0.29.1-15-g9cfb28693d (webtiles) character file.

Game seed: 501591129618418721

2568 BuddhaDhamma the Severer (level 9, -1/70 HPs)
             Began as a Minotaur Berserker on Mar 7, 2023.
             Was an Elder of Trog.
             Slain by a gnoll sergeant
             ... wielding a +4 vorpal spear
              (2 damage)
             ... on level 7 of the Dungeon.
             The game lasted 00:10:18 (6218 turns).

BuddhaDhamma the Severer (Minotaur Berserker)       Turns: 6218, Time: 00:10:18

Health: -1/70      AC: 15    Str: 25    XL:     9   Next: 31%
Magic:  8/8        EV:  7    Int:  4    God:    Trog [****..]
Gold:   341        SH:  3    Dex: 11    Spells: 8/8 levels left

rFire   . . .      SeeInvis .   g - +1 war axe (venom)
rCold   . . .      Faith    .   h - +0 buckler
rNeg    . . .      Spirit   .   e - +0 plate armour
rPois   .          Reflect  .   (helmet restricted)
rElec   .          Harm     .   u - +0 cloak
rCorr   .          Rampage  +   (no gloves)
Will    .....                   p - +2 pair of boots {rampage}
Stlth   ..........              (no amulet)
HPRegen 0.21/turn               (no ring)
MPRegen 0.11/turn               (no ring)

@: on berserk cooldown, flying, slowed, very slow
A: horns 2, retaliatory headbutt
a: Renounce Religion, Berserk, Trog's Hand, Brothers in Arms


You were on level 7 of the Dungeon.
You worshipped Trog.
Trog was greatly pleased with you.
You visited 1 branch of the dungeon, and saw 7 of its levels.

You collected 390 gold pieces.
You spent 49 gold pieces at shops.

Inventory:

Hand Weapons
 g - a +1 war axe of venom (weapon)
Missiles
 m - 2 poisoned darts (quivered)
 v - 2 throwing nets
Armour
 e - a +0 plate armour (worn)
 h - a +0 buckler (worn)
 l - a scarf of invisibility
 p - a +2 pair of boots of rampaging (worn)
 u - a +0 cloak (worn)
Wands
 s - a wand of paralysis (12)
 t - a wand of flame (21)
Scrolls
 d - 2 scrolls of blinking
 f - 2 scrolls of fear
 i - 2 scrolls of teleportation
 q - a scroll of butterflies
Potions
 a - a potion of invisibility
 c - 2 potions of brilliance
 n - 4 potions of cancellation
 o - a potion of heal wounds {unknown}
 r - a potion of berserk rage {unknown}
 w - a potion of attraction {unknown}


   Skills:
 - Level 3.6 Fighting
 + Level 15.2 Axes
 - Level 2.4 Armour
 - Level 2.1 Dodging


You had 8 spell levels left.
You didn't know any spells.
Your spell library was empty.

Dungeon Overview and Level Annotations

Branches:
Dungeon (7/15)             Temple (0/1) D:6

Altars:
Qazlal
Sif Muna

Shops:
D:1 (   D:5 !

Annotations:
D:7 Pikel


Innate Abilities, Weirdness & Mutations

You have a pair of horns on your head.
You reflexively headbutt those who attack you in melee.


Message History

The orc priest is moderately wounded.
You barely miss the gnoll.
The gnoll shouts!
You hit the gnoll.
You kill the gnoll!
Trog accepts your kill.
You hit the lemure.
The lemure looks as sick as possible!
You hit the sky beast. The gnoll closely misses you. You furiously retaliate!
You headbutt the gnoll!
Pikel, Merchant of Souls comes into view.
He is wielding a +1 whip of electrocution.
The orc priest hits you but does no damage.
The sky beast hits you but does no damage.
An orc warrior comes into view. It is wielding a +0 flail.
The lemure hits you.
* * * LOW HITPOINT WARNING * * *
The gnoll sergeant hits you from afar with a +4 vorpal spear.
* * * LOW HITPOINT WARNING * * *
x2 You feel better.
Your attacks no longer feel as feeble.
The orc warrior shouts!
You hear a shout!
The gnoll closely misses you.
The orc priest looks braver for a moment.
The sky beast barely misses you. You furiously retaliate!
You headbutt the sky beast!
You kill the sky beast!
Trog accepts your kill. The lemure hits you but does no damage.
The gnoll sergeant hits you but does no damage.
The gnoll hits you from afar with a +0 spear!
* * * LOW HITPOINT WARNING * * *
The gnoll barely misses you.
You feel better.
The orc priest mumbles some strange prayers to Beogh against you.
Beogh smites you!
* * * LOW HITPOINT WARNING * * *
The gnoll bouda hits you with a +0 whip!
* * * LOW HITPOINT WARNING * * *
The lemure hits you but does no damage.
The gnoll sergeant hits you from afar with a +4 vorpal spear.
You die...

## ##....>.....#[.....#
#.##............).#
...........).[<[.#....#
..............[)........
.......?)...............
..(....†...........(....
.......g5.............#.
.......g5.............#
.......@ogg.Ko.......<.
.......go.g5.#....##..
....#.g..g..###....
...###....#.# ... ...
....##.# .. ...... ..
...... + ......$#


You could see Pikel, an orc warrior, 3 lemures, a gnoll sergeant (swift), a
gnoll bouda, an orc priest, 6 gnolls and an orc.

Vanquished Creatures
  Sigmund (D:6)
  A steam dragon (D:6)
  Edmund (D:6)
  Duvessa (D:4)
  A water moccasin (D:6)
  2 black bears
  2 sky beasts
  An ice beast (D:6)
  2 ogres
  A centaur (D:7)
  2 phantoms (D:5)
  A bullfrog (D:6)
  2 scorpions
  2 necrophages
  Dowan (D:4)
  A howler monkey (D:5)
  A hound (D:4)
  4 orc priests
  Crazy Yiuf (D:5)
  Ijyb (D:5)
  8 orc wizards
  2 iguanas
  7 adders
  6 gnolls
  A white imp (D:7)
  An ufetubus (D:7)
  5 worms
  3 dart slugs
  17 orcs
  6 bats
  5 endoplasms
  5 giant cockroaches
  5 goblins
  10 hobgoblins
  8 kobolds
  5 quokkas
  8 ball pythons
  4 frilled lizards (D:2)
  3 rats (D:1)
138 creatures vanquished.

Notes
Turn   | Place    | Note
-------+----------+-------------------------------------------
     0 | D:1      | BuddhaDhamma the Minotaur Berserker began the quest for the
                  | Orb.
     0 | D:1      | Reached XP level 1. HP: 19/19 MP: 0/0
   256 | D:1      | Reached skill level 4 in Axes
   337 | D:1      | Reached XP level 2. HP: 23/26 MP: 1/1
   388 | D:1      | Found Lyipn's Weapon Emporium.
   399 | D:1      | Bought a +0 war axe for 49 gold pieces
   763 | D:2      | Reached ** piety under Trog
   815 | D:2      | Reached skill level 5 in Axes
   946 | D:2      | Reached XP level 3. HP: 31/31 MP: 2/2
  1380 | D:2      | Reached skill level 6 in Axes
  1380 | D:2      | Reached XP level 4. HP: 25/39 MP: 3/3
  1970 | D:3      | Found a faded altar of an unknown god.
  2585 | D:4      | Reached *** piety under Trog
  2725 | D:4      | Reached skill level 7 in Axes
  2725 | D:4      | Reached XP level 5. HP: 40/45 MP: 4/4
  3063 | D:4      | Noticed Duvessa
  3063 | D:4      | Noticed Dowan
  3078 | D:4      | Killed Duvessa
  3079 | D:4      | Reached skill level 8 in Axes
  3099 | D:4      | Killed Dowan
  3100 | D:4      | Reached XP level 6. HP: 17/51 MP: 5/5
  3396 | D:5      | Entered Level 5 of the Dungeon
  3396 | D:5      | Found Jiamn's Distillery.
  3404 | D:5      | Reached skill level 9 in Axes
  3555 | D:5      | Reached XP level 7. HP: 48/57 MP: 6/6
  3565 | D:5      | Reached skill level 10 in Axes
  3712 | D:5      | Found a shimmering blue altar of Sif Muna.
  3768 | D:5      | Noticed Ijyb
  3784 | D:5      | Killed Ijyb
  4287 | D:5      | Found a runed translucent door.
  4288 | D:5      | Noticed Crazy Yiuf
  4539 | D:5      | Killed Crazy Yiuf
  4634 | D:6      | Found a staircase to the Ecumenical Temple.
  4658 | D:6      | Noticed Sigmund
  4666 | D:6      | Killed Sigmund
  4667 | D:6      | Reached skill level 11 in Axes
  4685 | D:6      | Noticed Edmund
  4693 | D:6      | Killed Edmund
  4694 | D:6      | Reached XP level 8. HP: 64/64 MP: 7/7
  4742 | D:6      | Reached skill level 12 in Axes
  4975 | D:6      | Reached skill level 13 in Axes
  4975 | D:6      | Reached **** piety under Trog
  5070 | D:6      | Found a stormy altar of Qazlal.
  5343 | D:6      | Reached skill level 14 in Axes
  5731 | D:6      | Reached XP level 9. HP: 70/70 MP: 8/8
  6209 | D:7      | Reached skill level 15 in Axes
  6216 | D:7      | Noticed Pikel
  6218 | D:7      | HP: 1/70 [gnoll bouda/+0 whip (7)]
  6218 | D:7      | Slain by a gnoll sergeant

Illustrated notes

Levels and vault maps discovered:
D:1:      heliophobic_arrival_dark_side_of_the_moon, layout_rooms, serial_shops,
          nicolae_shop_bloodbath_and_beyond
D:2:      layout_loops_corners, glass_columns_b, minmay_lizard_pond
D:3:      layout_loops_ring, ebering_ecumenical_altar_box,
          kennysheep_generic_room_4
D:4:      layout_rooms, grunt_decor_mini_mirrors, uniq_duvessa
D:5:      layout_basic, marbit_many_paths, serial_shops,
          nicolae_shop_competitors_out_of_business,
          hangedman_abyss_or_decor_stabs, nrook_pool_corridor,
          uniq_crazy_yiuf_cottage, uniq_ijyb
D:6:      layout_basic, grunt_qazlal_sundering, minmay_temple_entry_tees,
          sigmund_edmund_badplayer
D:7:      layout_cave_pools, lemuel_doored_altar, uniq_pikel

Skill      XL: |  1  2  3  4  5  6  7  8  9 |
---------------+----------------------------+-----
Axes           | 4 5 6 7 8 9 11 14 15 | 15.2
Fighting       | |  3.6
Armour         | |  2.4
Dodging        | |  2.1

Action                   |  1- 3 |  4- 6 |  7- 9 || total
-------------------------+-------+-------+-------++-------
Melee: Hand axe          |    23 |       |       ||    23
       Headbutt          |     6 |    16 |    20 ||    42
       War axe           |    73 |    82 |   152 ||   307
Throw: Dart              |       |       |     1 ||     1
Invok: Berserk           |       |     1 |     3 ||     4
  Use: Scroll            |       |    14 |     1 ||    15
       Potion            |       |       |     3 ||     3
Armor: Plate armour      |    52 |    58 |   120 ||   230
       Animal skin       |     2 |       |       ||     2
Dodge: Dodged            |    36 |    16 |    57 ||   109
Block: Buckler           |     6 |    13 |    13 ||    32
